 Dungeon Crawl Stone Soup version 0.32-a0-163-g159c032296 (webtiles) character file.

Game seed: 10618988625776322895

88 BubbleThief the Conjurer (level 4, -3/33 HPs)
             Began as a Draconian Conjurer on Feb 11, 2024.
             Slain by an orc
             ... wielding a +0 flail
              (7 damage)
             ... on level 3 of the Dungeon.
             The game lasted 00:03:19 (2415 turns).

BubbleThief the Conjurer (Draconian Conjurer)       Turns: 2415, Time: 00:03:20

Health: -3/33      AC:  5    Str:  9    XL:     4   Next: 30%
Magic:  1/8        EV: 12    Int: 20    God:
Gold:   89         SH:  0    Dex: 10    Spells: 5/8 levels left

rFire   . . .        b - +0 dagger
rCold   . . .        (no shield)
rNeg    . . .        (body armour unavailable)
rPois   .            (helmet restricted)
rElec   .            (no cloak)
rCorr   .            (no gloves)
SInv    .            (no boots)
Will    .....        (no amulet)
Stlth   ++           (no ring)
HPRegen 0.25/turn    (no ring)
MPRegen 0.11/turn

%: no passive effects
@: hasted, very quick
A: AC +5, unfitting armour, cold-blooded
a: no special abilities


You were on level 3 of the Dungeon.
You visited 1 branch of the dungeon, and saw 3 of its levels.

You collected 89 gold pieces.

Inventory:

Hand Weapons
 b - a +0 dagger (weapon)
Magical Staves
 l - a staff of cold
Jewellery
 f - a ring of resist corrosion
Scrolls
 c - 2 scrolls of poison {unknown}
 d - 2 scrolls of identify {unknown}
 g - a scroll of teleportation {unknown}
 j - 3 scrolls of fear {unknown}
 k - 2 scrolls of fog {unknown}
Potions
 a - a potion of magic
 e - a potion of degeneration {unknown}
 h - a potion of heal wounds {unknown}
 i - a potion of berserk rage {unknown}
 m - 2 potions of haste


   Skills:
 - Level 1.7 Dodging
 - Level 1.7 Stealth
 + Level 2.9 Spellcasting
 * Level 5.3 Conjurations


You had 5 spell levels left.
You knew the following spells:

 Your Spells              Type           Power      Damage    Failure   Level
a - Magic Dart            Conj           96%        1d7       1%          1
b - Searing Ray           Conj           48%        2d6       2%          2

Your spell library contained the following spells:

 Spells                   Type           Power      Damage    Failure   Level
 Slow                     Hex            8%         N/A       14%         1
 Confusing Touch          Hex            2%         N/A       41%         3
 Sigil of Binding         Hex            2%         N/A       41%         3
 Vampiric Draining        Necr           2%         2d6       41%         3
 Fulminant Prism          Conj/Alch      6%         3d7       43%         4
 Iskenderun's Mystic Bla  Conj/Tloc      13%        2d5       43%         4


Dungeon Overview and Level Annotations

Branches:
Dungeon (3/15)

Altars:


Innate Abilities, Weirdness & Mutations

Your plain brown scales are hard. (AC +5)
You cannot fit into any form of body armour.
You are cold-blooded and may be slowed by cold attacks.


Message History

The magic dart hits the orc.
The orc is severely wounded.
The orc hits you with a +2 heavy morningstar!
* * * LOW HITPOINT WARNING * * *
Aiming: Magic Dart (safe; 1% risk of failure)
Press: ? - help, Q - select action, (/) - cycle Shift-Dir - straight line, f/p - orc
Aim: an orc, wielding a +2 heavy morningstar (severely wounded, 100% to hit)
The magic dart hits the orc.
You kill the orc!
Unknown command.
You start resting.
An orc is nearby!
Aiming: Magic Dart (safe; 1% risk of failure)
Press: ? - help, Q - select action, (/) - cycle Shift-Dir - straight line, f - orc
Aim: an orc, wielding a +0 flail and wearing a +0 chain mail (100% to hit)
The magic dart hits the orc but does no damage.
Unknown command.
Casting: Magic Dart (safe; 1% risk of failure)
Confirm with . or Enter, or press ? or * to list all spells.
Aiming: Searing Ray (safe; 2% risk of failure)
Press: ? - help, Shift-Dir - straight line, f - orc priest, p - orc
Aim: an orc priest, wielding a +0 falchion and wearing a +0 ring mail (82% to hit)
The searing ray hits the orc priest.
The orc priest is moderately wounded. (Press . to maintain the ray.)
The orc barely misses you. The orc priest barely misses you.
The searing ray hits the orc priest!
The orc priest is severely wounded.
The orc closely misses you. The orc priest barely misses you.
Unknown command.
Unknown command.
Without enough magic to sustain it, your searing ray dissipates.
The orc hits you with a +0 flail.
* * * LOW HITPOINT WARNING * * *
The orc priest barely misses you.
Unknown command.
You aren't carrying any items that you can evoke.
It was a potion of haste.
You feel yourself speed up. The orc hits you with a +0 flail!
You die...

###### ## #....#
#..########## #....#
.............[####....#
.......# #...@o.†).#
o...##o# ######o....#
### #.# ###..........#
#.###...#####....#
###.##...o.############
###.#...##......#
#......#......#
#.............#
#.....[.......#


You could see an orc priest and an orc.

Vanquished Creatures
  Robin (D:3)
  2 adders (D:2)
  A dart slug (D:2)
  2 ribbon worms (D:2)
  2 orcs (D:3)
  8 endoplasms
  3 giant cockroaches
  4 goblins
  4 hobgoblins
  2 jackals (D:1)
  A kobold (D:2)
  2 quokkas (D:2)
  6 ball pythons
  3 bats
  A frilled lizard (D:1)
  5 rats
47 creatures vanquished.

Notes
Turn   | Place    | Note
-------+----------+-------------------------------------------
     0 | D:1      | BubbleThief the Draconian Conjurer began the quest for the
                  | Orb.
     0 | D:1      | Reached XP level 1. HP: 14/14 MP: 3/3
   523 | D:1      | Reached XP level 2. HP: 20/20 MP: 3/5
  1172 | D:1      | Learned a level 2 spell: Searing Ray
  1398 | D:2      | Reached XP level 3. HP: 24/26 MP: 2/6
  1753 | D:2      | Reached skill level 5 in Conjurations
  2251 | D:3      | Found a faded altar of an unknown god.
  2255 | D:3      | Noticed Robin
  2259 | D:3      | Killed Robin
  2260 | D:3      | Reached XP level 4. HP: 33/33 MP: 3/8
  2415 | D:3      | Slain by an orc

Illustrated notes

Levels and vault maps discovered:
D:1:      heliophobic_arrival_glass_houses, layout_basic, nrook_uturn,
          minmay_misc_feat_x
D:2:      layout_basic
D:3:      layout_rooms, lemuel_doored_altar, nicolae_ecumenical_pavilion,
          uniq_robin

Skill      XL: |  1  2  3 |
---------------+----------+-----
Conjurations   | 5 |  5.3
Dodging        | |  1.7
Stealth        | |  1.7
Spellcasting   | |  2.9

Action                     |  1- 3 |  4- 6 || total
---------------------------+-------+-------++-------
  Melee: Dagger            |    21 |     1 ||    22
         Tailslap          |     5 |       ||     5
   Cast: Magic Dart        |    77 |    11 ||    88
         Searing Ray       |     4 |     1 ||     5
    Use: Potion            |       |     1 ||     1
 Armour: Skin              |    10 |     5 ||    15
  Dodge: Dodged            |    18 |     7 ||    25

Table legend: (Time is in decaauts)
 A = Elapsed time spent in this place.
 B = Non-inter-level travel time spent in this place.
 C = Inter-level travel time spent in this place.
 D = Time resting spent in this place.
 E = Time spent auto-exploring this place.
 F = Levels seen in this place.
 G = Mean time per level.
                   A        B        C        D        E       F      G
               +--------+--------+--------+--------+--------+-----+--------+
         Total |   2414 |   2326 |     88 |    107 |   1933 |   3 |  804.7 |
       Dungeon |   2414 |   2326 |     88 |    107 |   1933 |   3 |  804.7 |
               +--------+--------+--------+--------+--------+-----+--------+

Top non-repeatable levels by time:
     D:2: 1137 daAuts
     D:1: 1131 daAuts
     D:3: 146 daAuts
